 Dungeon Crawl Stone Soup version 0.29-a0-271-gd4eb659eea (webtiles) character file.

Game seed: 8205495452410204923

18 Morbidden the Ruffian (level 2, -3/28 HPs)
             Began as a Troll Gladiator on Mar 8, 2022.
             Splashed by a jelly's acid (10 damage)
             ... on level 2 of the Dungeon.
             The game lasted 00:01:12 (781 turns).

Morbidden the Ruffian (Troll Gladiator)              Turns: 781, Time: 00:01:13

Health: -3/28      AC:  4    Str: 21    XL:     2   Next: 51%
Magic:  1/1        EV: 10    Int:  4    God:
Gold:   48         SH:  0    Dex: 11    Spells: 1/1 levels left

rFire   . . .      SeeInvis .     - Unarmed
rCold   . . .      Faith    .   (no shield)
rNeg    . . .      Spirit   .   a - +0 robe
rPois   .          Reflect  .   b - +0 hat
rElec   .          Harm     .   (no cloak)
rCorr   .          Rampage  .   (gloves unavailable)
Will    .....                   (boots unavailable)
Stlth   +.........              (no amulet)
HPRegen 0.89/turn               (no ring)
MPRegen 0.07/turn               (no ring)

@: no status effects
A: large, unfitting armour, claws 3, regeneration 1, shaggy fur 1, tough skin 1
a: no special abilities


You were on level 2 of the Dungeon.
You visited 1 branch of the dungeon, and saw 2 of its levels.

You collected 48 gold pieces.

Inventory:

Missiles
 c - 2 throwing nets (quivered)
 d - a large rock
 k - 3 stones
Armour
 a - a +0 robe (worn)
 b - a +0 hat (worn)
Scrolls
 e - a scroll of torment {unknown}
 h - a scroll of noise {unknown}
 j - a scroll of identify {unknown}
Potions
 f - a potion of attraction {unknown}
 g - a potion of curing {unknown}
 i - a potion of cancellation {unknown}
 l - a potion of flight {unknown}


   Skills:
 * Level 1.7 Fighting
 + Level 1.8 Throwing
 * Level 2.7 Dodging
 * Level 3.4 Unarmed Combat


You had one spell level left.
You didn't know any spells.
Your spell library contained the following spells:

 Spells                   Type           Power      Damage    Failure   Level
 Blink                    Tloc           0%         N/A       65%         2
 Manifold Assault         Tloc           0%         N/A       100%        5
 Storm Form               Tmut/Air       0%         N/A       100%        7


Dungeon Overview and Level Annotations

Branches:
Dungeon (2/15)

Altars:

Shops:
D:1 [


Innate Abilities, Weirdness & Mutations

You are too large for most types of armour.
You have claws for hands.
Your natural rate of healing is unusually fast.
You are covered in fur. (AC +1)
You have tough skin. (AC +1)


Message History

No target in view!
No target in view!
No target in view!
No target in view!
No target in view!
No target in view!
No target in view!
No target in view!
No target in view!
No target in view!
No target in view!
No target in view!
No target in view!
k - a stone
k - 2 stones (gained 1)
k - 3 stones (gained 1)
You now have 39 gold pieces (gained 15).
You now have 48 gold pieces (gained 9).
A jelly comes into view.
A jelly is nearby!
Found a scroll labelled QEKINU TIXKYCA.
A jelly is nearby!
The jelly quivers.
A jelly is nearby!
Found 11 gold pieces.
The jelly hits you.
You are splashed with acid!
You claw the jelly!
Your claws burn!
The jelly is severely wounded.
The jelly hits you.
You are splashed with acid!
You are too injured to fight recklessly!
You are too injured to fight recklessly!
You are too injured to fight recklessly!
You are too injured to fight recklessly!
Unknown command.
You scratch the jelly.
Your claws burn!
* * * LOW HITPOINT WARNING * * *
The jelly is almost dead.
The jelly hits you.
* * * LOW HITPOINT WARNING * * *
You are splashed with acid!
You die...

...... #...#
....#........... #....
................. #...#
.............#.#####....
♣.♣.♣.♣...........#....
......................
.♣.♣.♣.♣.?..#.....†##...
...................####.
♣J@................
........................
$.......................
.............†..........
...?...#..####..........
..##..##.## ##.........
. #..#..# #.........
...#... #......... #
#.........


You could see a jelly.

Vanquished Creatures
  2 ball pythons (D:1)
  2 bats (D:1)
  2 endoplasms (D:1)
  A giant cockroach (D:1)
  A goblin (D:1)
  A hobgoblin (D:2)
  2 quokkas (D:1)
  2 frilled lizards (D:1)
  A kobold (D:1)
  3 rats
17 creatures vanquished.

Notes
Turn   | Place    | Note
-------+----------+-------------------------------------------
     0 | D:1      | Morbidden the Troll Gladiator began the quest for the Orb.
     0 | D:1      | Reached XP level 1. HP: 19/19 MP: 0/0
   157 | D:1      | Reached XP level 2. HP: 6/27 MP: 1/1
   209 | D:1      | Found Cauj's Antique Armour Shoppe.
   781 | D:2      | Splashed by a jelly's acid

Illustrated notes

Levels and vault maps discovered:
D:1:      amcnicky_arrival_wind_blow, layout_loops_ring, serial_shops, shop,
          nicolae_figureground_sparkle
D:2:      layout_basic, serial_forest, infiniplex_forest_lined_3_way,
          infiniplex_forest_clump_large, infiniplex_forest_clump_C,
          infiniplex_forest_lined_2, chequers_serial_rivers_small_b,
          minmay_close_crescents

Action                   || total
-------------------------++-------
Melee: Unarmed           ||    45
Throw: Stone             ||     3
       Throwing net      ||     1
Armor: Robe              ||    16
Dodge: Dodged            ||    15

Table legend: (Time is in decaauts)
 A = Elapsed time spent in this place.
 B = Non-inter-level travel time spent in this place.
 C = Inter-level travel time spent in this place.
 D = Time resting spent in this place.
 E = Time spent auto-exploring this place.
 F = Levels seen in this place.
 G = Mean time per level.
                   A        B        C        D        E       F      G
               +--------+--------+--------+--------+--------+-----+--------+
         Total |    778 |    698 |     80 |      0 |    561 |   2 |  389.0 |
       Dungeon |    778 |    698 |     80 |      0 |    561 |   2 |  389.0 |
               +--------+--------+--------+--------+--------+-----+--------+

Top non-repeatable levels by time:
     D:1: 724 daAuts
     D:2: 53 daAuts
